 Dungeon Crawl Stone Soup version 0.17-a0-1638-g2ccaed7 (webtiles) character file.

343 Murumi the Ducker (level 6, -4/48 HPs)
             Began as a Formicid Fighter on Aug 8, 2015.
             Was an Initiate of the Shining One.
             Slain by Torax's ghost (7 damage)
             ... on level 4 of the Dungeon.
             The game lasted 00:12:52 (2712 turns).

Murumi the Ducker (Formicid Fighter)                Turns: 2712, Time: 00:12:52

Health: -4/48      AC: 12    Str: 22    XL:     6   Next: 88%
Magic:  6/6        EV:  6    Int: 13    God:    the Shining One [......]
Gold:   100        SH: 10    Dex: 10    Spells: 0 memorised, 5 levels left

rFire  . . .     SeeInvis +     a - +0 long sword
rCold  . . .     Clarity  .     k - +0 plate armour (curse)
rNeg   . . .     SustAt   .     c - +1 shield
rPois  .         Gourm    .     (helmet unavailable)
rElec  .         Spirit   .     (no cloak)
rCorr  .         Warding  .     (no gloves)
rMut   .         Stasis   +     (no boots)
MR     .....                    (no amulet)
Stlth  ..........               (no ring)
                                (no ring)

@: brilliant, not resistant to hostile enchantments, extremely unstealthy
A: permanent stasis, dig shafts and tunnels, four strong arms, antennae 3, sense
surroundings 1
a: Dig, Shaft Self, Renounce Religion


You were on level 4 of the Dungeon.
You worshipped the Shining One.
The Shining One was noncommittal.
You were very hungry.

You visited 2 branches of the dungeon, and saw 5 of its levels.

You collected 100 gold pieces.

Inventory:

Hand weapons
 a - a +0 long sword (weapon)
Armour
 c - a +1 shield (worn)
 k - a cursed +0 plate armour (worn)
Magical devices
 b - a wand of frost (11)
 h - a wand of fireball (6)
Scrolls
 i - 2 scrolls of remove curse
Potions
 d - a potion of flight
 j - a potion of brilliance
Comestibles
 e - 3 bread rations
 f - a beef jerky
 l - a meat ration


   Skills:
 - Level 4.2 Fighting
 - Level 2.0 Long Blades
 + Level 4.4 Armour
 - Level 4.4 Dodging
 - Level 4.0 Shields


You had 5 spell levels left.
You didn't know any spells.

Dungeon Overview and Level Annotations

Branches:
Dungeon (4/15)             Temple (1/1) D:4

Altars:
Cheibriados
Elyvilon
Fedhas
Gozag
Kikubaaqudgha
Qazlal
Ru
Sif Muna
Trog
Xom
Zin
The Shining One

Annotations:
D:4 Torax's ghost, average OpTm


Innate Abilities, Weirdness & Mutations

You are under a permanent stasis effect.
You can dig through walls and to a lower floor.
Your four strong arms can wield two-handed weapons with a shield.
You have a pair of large antennae on your head (SInv).
You passively map a small area around you.


Message History

Torax's ghost is almost destroyed.
Torax's ghost hits you.
* * * LOW HITPOINT WARNING * * *
You miss Torax's ghost.
Torax's ghost is almost destroyed.
Torax's ghost hits you but does no damage.
You miss Torax's ghost.
Torax's ghost is almost destroyed.
Torax's ghost wails, "You will never get the ORB!"
Torax's ghost hits you.
* * * LOW HITPOINT WARNING * * *
Torax's ghost hits you but does no damage.
Drink which item? (? for menu, Esc to quit)
It was a potion of brilliance.
You feel clever all of a sudden. You block Torax's ghost's attack.
Drink which item? (? for menu, Esc to quit)
It was a potion of magic.
Magic courses through your body. Torax's ghost hits you!
You die...

* #.##### *.# *
#...<.###.# *
#.##..#...
##.##.##.## #
###.........#.# *
#.............#
,*#.#..⌠...⌠..#.#
..#........[#.#
#......@...$..#
#.#.....W...#.# *
#.#..⌠...⌠?.#.#
#......$.....$#
*###.........###
* * ,
##.##?##.##* , **
#. ..? .. , *, ,
,.. ... ### ,


You could see Torax's ghost.

Vanquished Creatures
  Sigmund (D:2)
  Natasha (thrice) (D:2)
  Robin (D:2)
  3 gnolls (D:3)
  4 adders
  A worm (D:3)
  4 giant geckos
  An orc (D:3)
  A giant cockroach (D:2)
  10 hobgoblins
  8 jackals (D:2)
  3 quokkas (D:3)
  A ball python (D:1)
  2 bats
  17 goblins
  5 kobolds
  5 rats
70 creatures vanquished.

Notes
Turn   | Place    | Note
--------------------------------------------------------------
     0 | D:1      | Murumi the Formicid Fighter began the quest for the Orb.
     0 | D:1      | Reached XP level 1. HP: 18/18 MP: 1/1
    22 | D:1      | Reached skill level 4 in Shields
    41 | D:1      | Reached XP level 2. HP: 20/24 MP: 2/2
   172 | D:1      | Reached skill level 1 in Dodging
   351 | D:1      | Gained mutation: You passively map a small area around you. [potion of beneficial mutation]
   683 | D:2      | Noticed Sigmund
   691 | D:2      | Killed Sigmund
   691 | D:2      | Reached XP level 3. HP: 13/29 MP: 3/3
   691 | D:2      | Reached XP level 4. HP: 15/35 MP: 4/4
   691 | D:2      | Reached XP level 5. HP: 17/41 MP: 5/5
   889 | D:2      | Noticed Robin
   935 | D:2      | Killed Robin
   935 | D:2      | Reached XP level 6. HP: 26/47 MP: 6/6
  1107 | D:2      | Found a shimmering altar of Xom.
  1210 | D:2      | Found a deep blue altar of Sif Muna.
  1519 | D:2      | Noticed Natasha
  1525 | D:2      | Killed Natasha
  1602 | D:2      | Noticed Natasha
  1612 | D:2      | Killed Natasha
  1670 | D:2      | Noticed Natasha
  1689 | D:2      | Killed Natasha
  2070 | D:3      | Found an opulent altar of Gozag.
  2113 | D:3      | Found a stormy altar of Qazlal.
  2628 | D:4      | Found a staircase to the Ecumenical Temple.
  2629 | D:4      | Noticed Torax's ghost (average OpTm)
  2637 | Temple   | Entered the Ecumenical Temple
  2647 | Temple   | Became a worshipper of the Shining One
  2712 | D:4      | Slain by Torax's ghost

Vault maps used:
D:1:      minmay_arrival_four_circles
D:2:      nicolae_overflow_crystal_walls, lemuel_blue_sif_altar, first_bread,
          uniq_robin, uniq_sigmund, uniq_natasha
D:3:      nicolae_qazlal_general_emergency, old_standard_altar,
          grunt_ministairs_2, minivault_25
D:4:      lemuel_coloured_pillars_altar, lemuel_crystal_altar,
          minmay_temple_entry_large_hall
Temple:   temple_eino_lava_8

Action                   |  1- 3 |  4- 6 || total
-------------------------+-------+-------++-------
Melee: Long sword        |    72 |   281 ||   353
 Abil: Dig               |       |     3 ||     3
  Use: Scroll            |     5 |     4 ||     9
       Potion            |     2 |     2 ||     4
  Eat: Chunk             |       |     6 ||     6
